 Dungeon Crawl Stone Soup version 0.18.1-50-g88ac8fd (webtiles) character file.

955 Kirkhe the Covert (level 8, -4/51 HPs)
             Began as an Octopode Assassin on Oct 10, 2016.
             Killed from afar by a white imp (7 damage)
             ... with a puff of frost
             ... summoned by Eustachio
             ... on level 4 of the Dungeon.
             The game lasted 00:10:20 (3558 turns).

Kirkhe the Covert (Octopode Assassin)               Turns: 3558, Time: 00:10:20

Health: -4/51      AC:  1    Str: 10    XL:     8   Next: 14%
Magic:  8/8        EV: 12    Int: 13    God:
Gold:   168        SH:  0    Dex: 16    Spells: 0 memorised, 7 levels left

rFire  . . .     SeeInvis .     t - +1 dagger (venom)
rCold  . . .     Gourm    .     (no shield)
rNeg   . . .     Faith    .     (helmet restricted)
rPois  .         Spirit   .     (no amulet)
rElec  .         Dismiss  .     (no ring)
rCorr  .         Reflect  .     (no ring)
SustAt .         Harm     .     (no ring)
MR     .....                    (no ring)
Stlth  ++++++....               (no ring)
                                (no ring)
                                (no ring)
                                (no ring)

@: not resistant to hostile enchantments, very stealthy
A: almost no armour, amphibious, 8 rings, constrict 8, camouflage 1, gelatinous
body 1, MP-powered wands
a: no special abilities


You were on level 4 of the Dungeon.
You were not hungry.

You visited 2 branches of the dungeon, and saw 5 of its levels.

You collected 168 gold pieces.

Inventory:

Hand Weapons
 a - a +2 dagger
 b - a +0 blowgun
 t - a +1 dagger of venom (weapon)
Missiles
 c - 8 poisoned needles
 d - 2 curare-tipped needles
Jewellery
 s - an uncursed ring of protection from cold {unknown}
Scrolls
 e - a scroll of enchant armour
 i - 3 scrolls of identify
 j - a scroll of magic mapping
 k - a scroll of teleportation
Potions
 m - a potion of heal wounds {unknown}
 n - a potion of flight
 o - a potion of invisibility
 v - a potion of brilliance
Comestibles
 f - 6 bread rations
 g - 3 fruits
 h - 2 slices of pizza
 l - a beef jerky
 p - 2 chunks of flesh
 q - 2 meat rations


   Skills:
 + Level 2.8 Fighting
 * Level 5.4 Short Blades
 * Level 4.4 Throwing
 - Level 1.0 Dodging
 - Level 10.0 Stealth


You had 7 spell levels left.
You didn't know any spells.

Dungeon Overview and Level Annotations

Branches:
Dungeon (4/15)             Temple (1/1) D:4

Altars:
Cheibriados
Elyvilon
Fedhas
Gozag
Kikubaaqudgha
Nemelex Xobeh
Okawaru
Qazlal
Ru
Sif Muna
Trog

Annotations:
D:4 Eustachio; Schattenjager's ghost, amateur MfGl


Innate Abilities, Weirdness & Mutations

You cannot wear most types of armour.
You are amphibious.
You can wear up to eight rings at the same time.
You can use your tentacles to constrict eight enemies at once.
Your skin changes colour to match your surroundings (Stealth).
Your rubbery body absorbs attacks (AC +1).
You expend magic power (3 MP) to strengthen your wands.


Message History

Drink which item? (? for menu, Esc to quit)
You feel better.
You constrict Eustachio. The white imp hits you.
* * * LOW HITPOINT WARNING * * *
The white imp freezes you.
* * * LOW HITPOINT WARNING * * *
The ufetubus hits you.
* * * LOW HITPOINT WARNING * * *
The ufetubus completely misses you.
You release your grip on Eustachio.
Eustachio mumbles some strange words.
Eustachio blinks!
The ufetubus hits you.
* * * LOW HITPOINT WARNING * * *
The ufetubus hits you.
* * * LOW HITPOINT WARNING * * *
Things that are here:
a club; an orc corpse Eustachio brags, "I can call spirits from the vasty deep."
The white imp gestures at you. The puff of frost hits you!
You die...

#....###'###########.....
...###.........#............#.
................#....†.......##
####............#............##
#.........@.(#............#
#.:..........##########.###
#......)))5.###########.#
#....................##.#
#.........5@....>.......#
........#.............####
........####..........# ####
.....?. #..........# #...
...... #..........# #.## ...
#..........# #.#. #..........#
#.#. #........... #.#.
#........ #.#.


You could see Eustachio, a white imp and an ufetubus.

Vanquished Creatures
  Sigmund (D:4)
  2 ogres (D:4)
  A giant frog (D:4)
  A crimson imp (D:3)
  5 orc wizards
  5 orc priests
  A worker ant (D:4)
  A gnoll (D:4)
  A howler monkey skeleton (D:4)
  5 adders
  2 adder skeletons (D:4)
  7 worms
  3 dart slugs
  4 giant geckos
  21 orcs
  2 ball pythons
  3 giant cockroaches
  12 goblins
  4 hobgoblins
  6 jackals
  2 quokkas
  10 bats
  A giant gecko skeleton (D:4)
  5 giant newts
  6 kobolds
  4 rats
115 creatures vanquished.

Notes
Turn   | Place    | Note
--------------------------------------------------------------
     0 | D:1      | Kirkhe the Octopode Assassin began the quest for the Orb.
     0 | D:1      | Reached XP level 1. HP: 14/14 MP: 1/1
   141 | D:1      | Reached XP level 2. HP: 19/19 MP: 2/2
   224 | D:1      | You fall through a shaft!
   230 | D:2      | Reached skill level 6 in Stealth
   430 | D:1      | Reached XP level 3. HP: 24/24 MP: 3/3
   805 | D:2      | Reached skill level 7 in Stealth
   992 | D:2      | Reached XP level 4. HP: 11/29 MP: 4/4
  1208 | D:2      | Found a deep blue altar of Sif Muna.
  1457 | D:3      | Found a faded altar to an unknown god.
  1492 | D:3      | Reached skill level 8 in Stealth
  1492 | D:3      | Reached XP level 5. HP: 34/34 MP: 5/5
  1557 | D:3      | Found a sacrificial altar of Ru.
  1632 | D:3      | Reached skill level 9 in Stealth
  1635 | D:3      | Reached XP level 6. HP: 33/39 MP: 6/6
  1939 | D:3      | Reached skill level 10 in Stealth
  2217 | D:4      | Gained mutation: You are dopey. (Int -2) [potion of mutation]
  2217 | D:4      | Gained mutation: You expend magic power (3 MP) to strengthen your wands. [potion of mutation]
  2217 | D:4      | Lost mutation: You are dopey. (Int -2) [potion of mutation]
  2251 | D:4      | Noticed Schattenjager's ghost (amateur MfGl)
  2410 | D:4      | Reached XP level 7. HP: 45/45 MP: 7/7
  2468 | D:4      | Noticed Eustachio
  2516 | D:4      | Found an ancient bone altar of Kikubaaqudgha.
  2516 | D:4      | Found a sparkling altar of Nemelex Xobeh.
  2833 | D:4      | Found a staircase to the Ecumenical Temple.
  2847 | Temple   | Entered the Ecumenical Temple
  3251 | D:4      | Noticed Sigmund
  3258 | D:4      | Killed Sigmund
  3258 | D:4      | Reached skill level 5 in Short Blades
  3258 | D:4      | Reached XP level 8. HP: 46/51 MP: 8/8
  3333 | D:4      | Found a snail-covered altar of Cheibriados.
  3556 | D:4      | HP: 2/51 [ufetubus[Eustachio] (3)]
  3558 | D:4      | Killed from afar by a white imp

Skill      XL: |  1  2  3  4  5  6  7 |
---------------+----------------------+-----
Stealth        | 6 7 8 9 10 | 10.0
Short Blades   | 3 5 |  5.4
Throwing       | 3 4 |  4.4
Fighting       | |  2.8
Dodging        | |  1.0

Action                   |  1- 3 |  4- 6 |  7- 9 || total
-------------------------+-------+-------+-------++-------
Melee: Dagger            |    66 |   114 |    89 ||   269
       Constrict         |    15 |    20 |    24 ||    59
       Tentacles         |    13 |    22 |    20 ||    55
 Fire: Blowgun           |     4 |       |       ||     4
  Use: Potion            |     1 |     1 |     2 ||     4
       Scroll            |       |    12 |     1 ||    13
 Stab: Sleeping          |    13 |    22 |     5 ||    40
       Distracted        |       |     1 |       ||     1
  Eat: Chunk             |       |     4 |     4 ||     8
Armor: Skin              |    13 |     2 |     1 ||    16
Dodge: Dodged            |    26 |    37 |    50 ||   113
